 Dungeon Crawl Stone Soup version 0.31-a0-521-gc7390f8997 (webtiles) character file.

Game seed: 12919791335965432358

35 Fodor the Covered (level 3, -4/33 HPs)
             Began as a Minotaur Fighter on Aug 10, 2023.
             Slain by Robin
             ... wielding a +9 club
              (8 damage)
             ... on level 2 of the Dungeon.
             The game lasted 00:09:36 (1130 turns).

Fodor the Covered (Minotaur Fighter)                Turns: 1130, Time: 00:09:36

Health: -4/33      AC:  6    Str: 22    XL:     3   Next: 16%
Magic:  2/2        EV: 17    Int:  5    God:
Gold:   38         SH:  0    Dex:  9    Spells: 2/2 levels left

rFire   + + .        a - melded +0 long sword
rCold   + + .        c - melded +0 buckler
rNeg    + + +        b - melded +0 scale mail
rPois   ∞            (helmet currently unavailable)
rElec   +            (cloak currently unavailable)
rCorr   +            (gloves currently unavailable)
SInv    .            (boots currently unavailable)
Will    .....        (amulet currently unavailable)
Stlth   +            (ring currently unavailable)
HPRegen 0.25/turn    (ring currently unavailable)
MPRegen 0.08/turn

%: no passive effects
@: wisp-form, flying
A: insubstantial, flying, no casting, tiny, (horns 2), (retaliatory headbutt)
a: no special abilities


You were on level 2 of the Dungeon.
You were an insubstantial wisp.
You visited 1 branch of the dungeon, and saw 2 of its levels.

You collected 78 gold pieces.
You spent 40 gold pieces at shops.

Inventory:

Hand Weapons
 a - a +0 long sword (melded)
Armour
 b - a +0 scale mail (melded)
 c - a +0 buckler (melded)
Scrolls
 e - a scroll of torment
 f - a scroll of revelation
Potions
 d - a potion of might


   Skills:
 + Level 4.1 Fighting
 + Level 2.9 Long Blades
 + Level 4.2 Armour
 + Level 0.6 Dodging
 + Level 3.8 Shields


You had 2 spell levels left.
You didn't know any spells.
Your spell library was empty.

Dungeon Overview and Level Annotations

Branches:
Dungeon (2/15)

Altars:

Shops:
D:1 *[!?=

Annotations:
D:2 Robin


Innate Abilities, Weirdness & Mutations

You are an insubstantial wisp.
Your tiny insubstantial body is highly resistant to most damage types.
You are flying.
Your equipment is entirely melded.
You are incapable of wielding weapons or throwing items.
You cannot cast spells.
((You have a pair of horns on your head.))
((You reflexively headbutt those who attack you in melee.))


Message History

The goblin completely misses you. You furiously retaliate!
You headbutt the goblin!
You kill the goblin!
Robin hits you with a +9 club.
You barely miss Robin.
Robin is moderately wounded.
Robin hits you with a +9 club.
You barely miss Robin.
Robin is moderately wounded.
The goblin hits you with a +0 club. Robin throws the goblin at you!
Robin zaps a wand.
You turn into an insubstantial wisp.
Your +0 long sword melds into your body.
Your +0 buckler melds into your body.
Your +0 scale mail melds into your body.
The goblin closely misses you.
You closely miss Robin.
Robin is moderately wounded.
Robin hits you with a +9 club. The goblin hits you with a +0 club.
You touch Robin but do no damage.
Robin is moderately wounded.
Robin barely misses you. The goblin barely misses you.
You touch Robin but do no damage.
Robin is moderately wounded.
You touch Robin.
Robin is severely wounded.
Robin hits you with a +9 club!
* * * LOW HITPOINT WARNING * * *
The goblin barely misses you.
You touch Robin but do no damage.
Robin is severely wounded.
Robin hits you with a +9 club.
* * * LOW HITPOINT WARNING * * *
The goblin completely misses you.
You closely miss Robin.
Robin is severely wounded.
Robin completely misses you. The goblin misses you.
You touch Robin but do no damage.
Robin is severely wounded.
The goblin completely misses you. Robin hits you with a +9 club!
You die...

#.# . #.# .. #.# #. #.#
#.# #.####### #..
###........
##.###########...#
#.........)†....g#######
...)..########.#v.......
###..####.#....#g.......
...............#........
...###.......#.#........
.............>.#........
##.#######.######.......
................+.......
##+#######.######.......
#.#


You could see Robin and a goblin (strong).

Vanquished Creatures
  A dart slug (D:2)
  A ball python (D:1)
  2 endoplasms
  2 giant cockroaches
  10 goblins
  4 hobgoblins
  4 kobolds (D:1)
  3 frilled lizards
  A rat (D:2)
28 creatures vanquished.

Notes
Turn   | Place    | Note
-------+----------+-------------------------------------------
     0 | D:1      | Fodor the Minotaur Fighter began the quest for the Orb.
     0 | D:1      | Reached XP level 1. HP: 19/19 MP: 0/0
    28 | D:1      | Found Joexzeq's Distillery.
   405 | D:1      | Found Joosch's Armour Emporium.
   467 | D:1      | Reached XP level 2. HP: 23/27 MP: 1/1
   505 | D:1      | Found Mavug's Assorted Antiques.
   633 | D:1      | Found Oblaempanae's Jewellery Emporium.
   766 | D:1      | Found Ohihuz's Magic Scroll Emporium.
   778 | D:1      | Bought a scroll of identify for 20 gold pieces
   778 | D:1      | Bought a scroll of identify for 20 gold pieces
  1087 | D:2      | Reached XP level 3. HP: 29/33 MP: 2/2
  1117 | D:2      | Noticed Robin
  1130 | D:2      | Slain by Robin

Illustrated notes

Levels and vault maps discovered:
D:1:      dpeg_arrival_shrine, layout_loops_ring, serial_shops,
          nicolae_shop_rolling_square, nicolae_shop_behind_doors, shop, shop,
          nicolae_shop_gibbet_a_chance, glass_columns_a, st_stairs_13,
          amethyst_killhole
D:2:      layout_basic, uniq_robin, uniq_natasha

Skill      XL: |  1  2 |
---------------+-------+-----
Fighting       | 4 |  4.1
Armour         | 4 |  4.2
Long Blades    | |  2.9
Dodging        | |  0.6
Shields        | |  3.8

Action                     || total
---------------------------++-------
  Melee: Long sword        ||    68
         Headbutt          ||     4
         Unarmed           ||     7
    Use: Scroll            ||     2
 Armour: Scale mail        ||    35
  Dodge: Dodged            ||    31
  Block: Buckler           ||    11

Table legend: (Time is in decaauts)
 A = Elapsed time spent in this place.
 B = Non-inter-level travel time spent in this place.
 C = Inter-level travel time spent in this place.
 D = Time resting spent in this place.
 E = Time spent auto-exploring this place.
 F = Levels seen in this place.
 G = Mean time per level.
                   A        B        C        D        E       F      G
               +--------+--------+--------+--------+--------+-----+--------+
         Total |   1151 |   1136 |     15 |     70 |      0 |   2 |  575.5 |
       Dungeon |   1151 |   1136 |     15 |     70 |      0 |   2 |  575.5 |
               +--------+--------+--------+--------+--------+-----+--------+

Top non-repeatable levels by time:
     D:1: 885 daAuts
     D:2: 266 daAuts
